 Dungeon Crawl Stone Soup version 0.20.1-1-g8b1a95d (webtiles) character file.

52 pstr the Conjurer (level 4, 0/24 HPs)
             Began as a Kobold Conjurer on Nov 16, 2017.
             Slain by pskda's ghost (6 damage)
             ... on level 3 of the Dungeon.
             The game lasted 00:05:31 (2116 turns).

pstr the Conjurer (Kobold Conjurer)                 Turns: 2116, Time: 00:05:32

Health: 0/24       AC:  2    Str:  5    XL:     4   Next: 8%
Magic:  1/8        EV: 15    Int: 17    God:
Gold:   72         SH:  0    Dex: 15    Spells: 5/8 levels left

rFire    . . .     SeeInvis .   d - +0 club
rCold    . . .     Gourm    .   (shield restricted)
rNeg     . . .     Faith    .   a - +0 robe
rPois    .         Spirit   .   (no helmet)
rElec    .         Reflect  .   (no cloak)
rCorr    .         Harm     .   (no gloves)
MR       .....                  (no boots)
Stlth    ++........             (no amulet)
Regen    0.1/turn               (no ring)
MPRegen  0.2/turn               (no ring)

@: no status effects
A: carnivore 3
a: no special abilities


You were on level 3 of the Dungeon.
You were completely stuffed.

You visited 1 branch of the dungeon, and saw 3 of its levels.

You collected 72 gold pieces.

Inventory:

Hand Weapons
 d - a +0 club (weapon)
Missiles
 j - 123 stones (quivered)
 o - 15 arrows
Armour
 a - a +0 robe (worn)
 l - a +0 leather armour
Scrolls
 e - 5 scrolls of identify {unknown}
 f - a scroll of enchant weapon {unknown}
 g - 3 scrolls of teleportation {unknown}
 i - a scroll of fog {unknown}
 k - a scroll of remove curse {unknown}
 p - a scroll of recharging {unknown}
Potions
 h - a potion of berserk rage {unknown}
 m - a potion of degeneration {unknown}
Books
 b - a book of Conjurations

   Spells                             Type                      Level
   a - Magic Dart                     Conjuration                  1
   b - Searing Ray                    Conjuration                  2
   c - Dazzling Spray                 Conjuration/Hexes            3
   d - Fulminant Prism                Conjuration/Hexes            4
   e - Force Lance                    Conjuration/Translocation    4
   f - Iskenderun's Mystic Blast      Conjuration                  4
Comestibles
 c - a meat ration
 n - 2 chunks of flesh


   Skills:
 + Level 2.8 Dodging
 + Level 3.2 Stealth
 + Level 2.7 Spellcasting
 + Level 4.7 Conjurations


You had 5 spell levels left.
You knew the following spells:

 Your Spells              Type           Power        Failure   Level  Hunger
a - Magic Dart            Conj           ###.         2%          1    #......
b - Searing Ray           Conj           ###...       3%          2    ##.....


Dungeon Overview and Level Annotations

Branches:
Dungeon (3/15)

Altars:
Zin

Annotations:
D:3 pskda's ghost, amateur VSFi


Innate Abilities, Weirdness & Mutations

You are small and have problems with some larger weapons.
You are carnivorous and can eat meat at any time.


Message History

Casting: Searing Ray
Confirm with . or Enter, or press ? or * to list all spells.
Aiming: Searing Ray
Press: ? - help, Shift-Dir - straight line, f/p - pskda's ghost
Aim: pskda's ghost (almost destroyed)
The searing ray hits pskda's ghost.
Pskda's ghost is almost destroyed. (Press . to maintain the ray.) Pskda's ghost barely misses you.
The searing ray hits pskda's ghost.
Pskda's ghost is almost destroyed.
Pskda's ghost completely misses you.
You hit pskda's ghost but do no damage.
Pskda's ghost is almost destroyed.
Pskda's ghost misses you. x2
You barely miss pskda's ghost.
Pskda's ghost is almost destroyed.
Pskda's ghost says, "You can hit me, but you can't hurt me."
Pskda's ghost hits you.
You die...

.# .# .# #.###
....# # ....#
#.###W...#####
#...@# #...#
##### #..#.#
#...# ##...#
.... #.# #.<.#
#...<# #.##
#.# #...#
#....# # #.#
#...# #..).#
#.#####...#
#....#
#.........#
#....#
#######.###
#....# #.#
#....#


You could see pskda's ghost.

Vanquished Creatures
  A leopard gecko (D:1)
  4 giant cockroaches
  6 goblins
  11 hobgoblins
  4 jackals
  A quokka (D:2)
  A ball python (D:1)
  7 bats
  5 frilled lizards
  A kobold (D:2)
  4 rats
45 creatures vanquished.

Notes
Turn   | Place    | Note
-------+----------+-------------------------------------------
     0 | D:1      | pstr the Kobold Conjurer began the quest for the Orb.
     0 | D:1      | Reached XP level 1. HP: 10/10 MP: 3/3
   249 | D:1      | Reached XP level 2. HP: 15/15 MP: 1/5
   661 | D:1      | Reached XP level 3. HP: 19/19 MP: 4/6
   665 | D:1      | Learned a level 2 spell: Searing Ray
  1667 | D:2      | Found a glowing silver altar of Zin.
  1755 | D:2      | Reached XP level 4. HP: 24/24 MP: 3/8
  2108 | D:3      | Noticed pskda's ghost (amateur VSFi)
  2116 | D:3      | Slain by pskda's ghost

Skill      XL: |  1  2  3 |
---------------+----------+-----
Stealth        | 3 |  3.2
Dodging        | |  2.8
Spellcasting   | |  2.7
Conjurations   | |  4.7

Action                   |  1- 3 |  4- 6 || total
-------------------------+-------+-------++-------
Melee: Club              |     2 |     2 ||     4
 Cast: Magic Dart        |    65 |     4 ||    69
       Searing Ray       |     2 |     4 ||     6
  Eat: Chunk             |    11 |     2 ||    13
Armor: Robe              |     1 |     2 ||     3
Dodge: Dodged            |     6 |     5 ||    11
